 Dungeon Crawl Stone Soup version 0.26-a0-757-g626ac9e51a (webtiles) character file.

Game seed: 812907442061160333

3 miscthings the Sneak (level 1, 0/20 HPs)
             Began as a Palentonga Delver on Nov 8, 2020.
             Slain by an orc wizard
             ... wielding a +2 dagger of holy wrath
              (1 damage)
             ... on level 6 of the Dungeon.
             The game lasted 00:00:30 (186 turns).

miscthings the Sneak (Palentonga Delver)             Turns: 186, Time: 00:00:31

Health: 0/20       AC:  4    Str: 15    XL:     1   Next: 41%
Magic:  0/1        EV:  9    Int: 10    God:
Gold:   10         SH:  0    Dex: 11    Spells: 0/0 levels left

rFire    . . .     SeeInvis +   a - +0 hand axe
rCold    . . .     Faith    .   (no shield)
rNeg     . . .     Spirit   +   b - +0 leather armour
rPois    .         Reflect  .   (no helmet)
rElec    .         Harm     .   (no cloak)
rCorr    .         Rampage  .   (no gloves)
MR       .....                  (no barding)
Stlth    ++........             h - amulet of guardian spirit
HPRegen  0.06/turn              (no ring)
MPRegen  0.07/turn              (no ring)

@: no status effects
A: large, rugged brown scales 3, see invisible, deformed body, roll, armoured
tail
a: Rolling Charge


You were on level 6 of the Dungeon.
You visited 1 branch of the dungeon, and saw 2 of its levels.

You collected 10 gold pieces.

Inventory:

Hand Weapons
 a - a +0 hand axe (weapon)
Armour
 b - a +0 leather armour (worn)
Jewellery
 h - an amulet of guardian spirit (around neck)
Wands
 g - a wand of digging (3)
Scrolls
 c - a scroll of fog
 d - a scroll of magic mapping
Potions
 f - a potion of haste


   Skills:
 - Level 3.0 Fighting
 + Level 2.3 Axes
 - Level 1.5 Dodging
 - Level 3.3 Stealth


You couldn't memorise any spells.
You didn't know any spells.
Your spell library was empty.

Dungeon Overview and Level Annotations

Branches:
Dungeon (6/15)
 Temple: D:4-7

Altars:


Innate Abilities, Weirdness & Mutations

You are completely covered in rugged brown scales. (AC +3, +7% HP)
You have supernaturally acute eyesight. (SInv)
Armour fits poorly on your strangely shaped body.
You can roll at foes to attack.
You have a long armoured tail.


Message History

The orc wizard hits you with a +2 dagger of holy wrath.
* * * LOW HITPOINT WARNING * * *
The orc wizard hits you but does no damage.
You slide downwards.
The hatch slams shut behind you.
A zombie and a skeleton come into view.
You hit the orc wizard.
The orc wizard is lightly wounded.
The orc wizard hits you with a +2 dagger of holy wrath.
* * * LOW HITPOINT WARNING * * *
You hit the orc wizard.
The orc wizard is lightly wounded.
The orc wizard hits you with a +2 dagger of holy wrath.
* * * LOW HITPOINT WARNING * * *
The orc wizard hits you but does no damage.
You closely miss the orc wizard.
The orc wizard is lightly wounded.
You hit the hound skeleton but do no damage.
The orc wizard completely misses you. The hound skeleton barely misses you.
The orc wizard hits you with a +2 dagger of holy wrath.
You die...

.... .#Z#
....#
.....
......
###......
#........
#@Z...#
#.o......
###......
#..#..
.....
.#.# . .
..


You could see an orc wizard (fast, invisible), a worker ant zombie and a hound
skeleton.

Vanquished Creatures
  An adder skeleton (D:5)
1 creature vanquished.

Notes
Turn   | Place    | Note
-------+----------+-------------------------------------------
     0 | D:5      | miscthings the Palentonga Delver began the quest for the
                  | Orb.
     0 | D:5      | Reached XP level 1. HP: 20/20 MP: 1/1
   134 | D:5      | Noticed an orc priest
   134 | D:5      | Noticed an orc wizard
   136 | D:5      | Noticed an orc wizard
   185 | D:6      | HP: 1/20 [orc wizard/+2 dagger of holy wrath (3)]
   186 | D:6      | Slain by an orc wizard

Illustrated notes

Levels and vault maps discovered:
D:5:      minmay_octagon_keep, layout_loops_corners, gammafunk_ghost_cemetery,
          basic_altar
D:6:      layout_cave_pools, minmay_temple_entry_water_ring

Action                   || total
-------------------------++-------
Melee: Hand axe          ||    13
       Tailslap          ||     2
  Use: Scroll            ||     1
 Stab: Distracted        ||     1
Armor: Leather armour    ||     2
Dodge: Dodged            ||     8

Table legend: (Time is in decaauts)
 A = Elapsed time spent in this place.
 B = Non-inter-level travel time spent in this place.
 C = Inter-level travel time spent in this place.
 D = Time resting spent in this place.
 E = Time spent auto-exploring this place.
 F = Levels seen in this place.
 G = Mean time per level.
                   A        B        C        D        E       F      G
               +--------+--------+--------+--------+--------+-----+--------+
         Total |    188 |    188 |      0 |      0 |    119 |   2 |   94.0 |
       Dungeon |    188 |    188 |      0 |      0 |    119 |   2 |   94.0 |
               +--------+--------+--------+--------+--------+-----+--------+

Top non-repeatable levels by time:
     D:5: 185 daAuts
     D:6: 3 daAuts
